 Dungeon Crawl Stone Soup version 0.17.1-1-g73c8601 (webtiles) character file.

197 DEFE the Skirmisher (level 5, -5/32 HPs)
             Began as a Deep Elf Fighter on Dec 18, 2015.
             Slain by an ogre
             ... wielding a +0 giant club
              (19 damage)
             ... on level 4 of the Dungeon.
             The game lasted 00:05:05 (4344 turns).

DEFE the Skirmisher (Deep Elf Fighter)              Turns: 4344, Time: 00:05:05

Health: -5/32      AC:  6    Str: 13    XL:     5   Next: 46%
Magic:  0/9        EV:  7    Int: 14    God:
Gold:   127        SH:  8    Dex: 14    Spells: 0 memorised, 7 levels left

rFire  . . .     SeeInvis .     a - +0 rapier
rCold  . . .     Clarity  .     b - +0 scale mail
rNeg   . . .     SustAt   .     c - +0 shield
rPois  .         Gourm    .     (no helmet)
rElec  .         Spirit   +     (no cloak)
rCorr  .         Warding  .     (no gloves)
rMut   .         Stasis   .     (no boots)
MR     .....                    m - amulet of guardian spirit
Stlth  ..........               (no ring)
                                (no ring)

@: not resistant to hostile enchantments, extremely unstealthy
A: no striking features
a: no special abilities


You were on level 4 of the Dungeon.
You were not hungry.

You visited 1 branch of the dungeon, and saw 4 of its levels.

You collected 127 gold pieces.

Inventory:

Hand Weapons
 a - a +0 rapier (weapon)
Armour
 b - a +0 scale mail (worn)
 c - a +0 shield (worn)
Jewellery
 g - an uncursed ring of fire
 m - an amulet of guardian spirit (around neck)
Scrolls
 h - a scroll of magic mapping {unknown}
 k - 2 scrolls of enchant weapon {unknown}
 o - a scroll of teleportation {unknown}
 p - a scroll of blinking {unknown}
 q - a scroll of recharging {unknown}
 r - a scroll of amnesia {unknown}
 t - a scroll of identify
Potions
 d - a potion of might
 f - a potion of cure mutation
 i - a potion of ambrosia
 l - a potion of resistance
 s - a potion of agility
Books
 n - a book of Callings

   Spells                             Type                      Level
   a - Summon Small Mammal            Summoning                    1
   b - Call Imp                       Summoning                    2
   c - Call Canine Familiar           Summoning                    3
   d - Summon Guardian Golem          Hexes/Summoning              3
   e - Summon Lightning Spire         Summoning/Air                4
   f - Summon Ice Beast               Ice/Summoning                4
Comestibles
 j - a meat ration


   Skills:
 + Level 3.2 Fighting
 + Level 3.1 Short Blades
 + Level 3.0 Armour
 + Level 2.5 Dodging
 - Level 2.8 Shields
 + Level 1.8 Spellcasting


You had 7 spell levels left.
You didn't know any spells.

Dungeon Overview and Level Annotations

Branches:
Dungeon (4/15)
 Temple: D:4-7

Altars:
Sif Muna


Message History

You aren't carrying any items that can be evoked.
Drink which item? (? for menu, Esc to quit)
Okay, then.
An adder comes into view.
Eat which item? (? for menu, Esc to quit)
You continue eating. x2
You finish eating.
That bread ration really hit the spot!
You closely miss the ogre. The ogre closely misses you.
You hit the ogre.
The ogre is lightly wounded.
The ogre barely misses you.
You hit the ogre.
The ogre is moderately wounded.
The ogre hits you with a giant club!!
Ouch! That really hurt!
You closely miss the ogre.
The ogre is moderately wounded.
The ogre hits you with a giant club!!
Ouch! That really hurt!
You die...

##### #...#######
######### ##.#.......#
#.>@O...#
.._...####.###.#####.#
.#.#..##...<......##.#
.#.......#.###.##.##.####
#####.####.# #.....(....#
# #.# #.# #.##...###.# #
#.. ..# #.##..)# #.# ###
#### ### #.##.... #.# ..#
#.###...##.#


You could see an ogre.

Vanquished Creatures
  Ijyb (D:3)
  A worker ant (D:3)
  5 adders
  A gnoll (D:1)
  2 oozes (D:1)
  3 worms
  2 giant geckos
  3 orcs (D:3)
  6 bats
  4 goblins
  8 hobgoblins
  5 jackals
  A quokka (D:2)
  A ball python (D:3)
  6 giant cockroaches
  5 giant newts
  6 kobolds
  6 rats
66 creatures vanquished.

Vanquished Creatures (others)
  A giant cockroach (D:2)
  A rat (D:2)
2 creatures vanquished.

Grand Total: 68 creatures vanquished

Notes
Turn   | Place    | Note
--------------------------------------------------------------
     0 | D:1      | DEFE the Deep Elf Fighter began the quest for the Orb.
     0 | D:1      | Reached XP level 1. HP: 13/13 MP: 3/3
   147 | D:1      | Reached XP level 2. HP: 12/18 MP: 4/4
   809 | D:1      | Reached XP level 3. HP: 20/22 MP: 5/5
  1207 | D:2      | Reached skill level 1 in Spellcasting
  1376 | D:2      | Reached skill level 3 in Fighting
  1515 | D:2      | Reached XP level 4. HP: 26/28 MP: 7/7
  2069 | D:3      | Noticed Ijyb
  2090 | D:3      | Killed Ijyb
  2090 | D:3      | Reached skill level 1 in Dodging
  2968 | D:3      | Reached XP level 5. HP: 16/32 MP: 9/9
  4287 | D:4      | Found a deep blue altar of Sif Muna.
  4320 | D:4      | Noticed an ogre
  4344 | D:4      | Slain by an ogre

Action                   |  1- 3 |  4- 6 || total
-------------------------+-------+-------++-------
Melee: Rapier            |   163 |   280 ||   443
  Use: Scroll            |       |     4 ||     4
  Eat: Chunk             |     2 |     8 ||    10
       Bread ration      |       |     1 ||     1
